 Dungeon Crawl Stone Soup version 0.31-a0-1234-gc6352e7 (webtiles) character file.

Game seed: 1683778842636543926

269 edsrzf the Trooper (level 6, -6/46 HPs)
             Began as an Octopode Air Elementalist on Dec 14, 2023.
             Was a Follower of Okawaru.
             Mangled by an iguana (13 damage)
             ... on level 4 of the Dungeon.
             The game lasted 00:07:29 (3064 turns).

edsrzf the Trooper (Octopode Air Elementalist)      Turns: 3064, Time: 00:07:30

Health: -6/46      AC:  1    Str:  7    XL:     6   Next: 22%
Magic:  5/9        EV: 13    Int: 20    God:    Okawaru [*.....]
Gold:   161        SH:  0    Dex: 12    Spells: 8/9 levels left

rFire   . . .        a - +3 dagger (venom)
rCold   . . .        (no shield)
rNeg    . . .        (helmet restricted)
rPois   .            (no amulet)
rElec   .            (no ring)
rCorr   .            (no ring)
SInv    .            (no ring)
Will    .....        (no ring)
Stlth   +++          (no ring)
HPRegen 0.27/turn    (no ring)
MPRegen 0.11/turn    (no ring)
                     (no ring)

%: no passive effects
@: no status effects
A: almost no armour, amphibious, 8 rings, camouflage 1, gelatinous body 1,
(nimble swimmer 1), tentacles
a: Renounce Religion, Heroism


You were on level 4 of the Dungeon.
You worshipped Okawaru.
Okawaru was aware of your devotion.
You visited 1 branch of the dungeon, and saw 4 of its levels.

You collected 161 gold pieces.

Inventory:

Hand Weapons
 a - a +3 dagger of venom (weapon)
Missiles
 l - 4 poisoned darts
Jewellery
 d - a ring of resist corrosion
 o - a ring of ice
 q - a ring of poison resistance
Scrolls
 f - 2 scrolls of fog
 k - a scroll of amnesia
Potions
 e - a potion of heal wounds
 g - a potion of mutation {unknown}
 h - 3 potions of curing
 i - 2 potions of brilliance {unknown}
 m - a potion of magic
 n - a potion of attraction {unknown}


   Skills:
 + Level 5.6 Fighting
 - Level 2.0 Dodging
 - Level 2.6 Stealth
 - Level 2.2 Spellcasting
 - Level 1.4 Conjurations
 - Level 3.0 Air Magic


You had 8 spell levels left.
You knew the following spells:

 Your Spells              Type           Power      Damage    Failure   Level
X - Shock                 Conj/Air       44%        1d5       6%          1

Your spell library contained the following spells:

 Spells                   Type           Power      Damage    Failure   Level
 Static Discharge         Conj/Air       22%        3-4/arc   10%         2
 Swiftness                Air            14%        N/A       14%         3
 Airstrike                Air            7%         2d(1-17)  41%         4


Dungeon Overview and Level Annotations

Branches:
Dungeon (4/15)
 Temple: D:4-7

Altars:
Dithmenos
Okawaru
Yredelemnul

Annotations:
D:3 2 transporters, Squiddy's ghost, amateur TeAE


Innate Abilities, Weirdness & Mutations

You cannot wear most types of armour.
You are amphibious.
You can wear up to eight rings at the same time.
Your skin changes colour to match your surroundings (Stealth+).
Your rubbery body absorbs attacks. (AC +1, EV +1)
((You are camouflaged when in or above water. (Stealth+)))
You have tentacles for arms and can constrict up to eight enemies at once.


Message History

The iguana bites you.
You closely miss the iguana. You grab the iguana.
The iguana is moderately wounded.
You constrict the iguana. The iguana bites you.
A hobgoblin comes into view.
You hit the iguana.
The iguana looks as sick as possible!
You squeeze the iguana!
You kill the iguana!
Okawaru accepts your kill.
You have reached level 6!
Unknown command.
Casting: Shock (safe; 6% risk of failure)
Confirm with . or Enter, or press ? or * to list all spells.
The zap hits the hobgoblin.
The hobgoblin is almost dead.
Casting: Shock (safe; 6% risk of failure)
Confirm with . or Enter, or press ? or * to list all spells.
The zap hits the hobgoblin.
You kill the hobgoblin!
Okawaru accepts your kill.
s - a scroll labelled PUEMUE COHIAKHONG
k - 2 scrolls labelled ZENYRPH KOJANONG (gained 1)
As you read the scroll labelled JITAEB FUUSCH, it dissolves into smoke.
It was a scroll of fog.
As you read the scroll labelled ZENYRPH KOJANONG, it crumbles to dust.
It is a scroll of amnesia.
Okay, then.
Okay, then.
As you read the scroll labelled CURID ATOIRIR, it crumbles to dust.
It is a scroll of enchant weapon.
Your +2 dagger of venom glows red for a moment.
As you read the scroll labelled YQIBIG VIUH ZENUB, it crumbles to dust.
You assume a fearsome visage.
Nothing appears to happen.
It was a scroll of fear.
Blink to where?
Press: ? - help, Dir - move target
As you read the scroll labelled TAREKH ZIRUBOSK, it crumbles to dust.
It was a scroll of blinking.
As you read the scroll labelled SAPOIHA JA DAN, it crumbles to dust.
You feel strangely unstable.
It was a scroll of teleportation.
Your surroundings suddenly seem different.
An iguana comes into view.
The iguana hisses angrily.
You hit the iguana.
The iguana is poisoned.
You grab the iguana.
The iguana is lightly wounded.
You constrict the iguana, but do no damage.
The iguana barely misses you.
You hit the iguana.
The iguana looks as sick as possible!
You squeeze the iguana, but do no damage.
The iguana is moderately wounded.
You constrict the iguana, but do no damage.
The iguana bites you!
You hit the iguana but do no damage.
The iguana looks as sick as possible!
You squeeze the iguana, but do no damage.
The iguana is moderately wounded.
You constrict the iguana. The iguana bites you!
You hit the iguana.
You kill the iguana!
Okawaru accepts your kill.
As you read the scroll labelled JAARRIB JOFI, it crumbles to dust.
It is a scroll of identify.
e - a potion of heal wounds
As you read the scroll labelled PUEMUE COHIAKHONG, it crumbles to dust.
You feel aware of your surroundings.
You sensed 5 altars, and 1 shop/portal.
It was a scroll of revelation.
An iguana comes into view.
You are too injured to fight recklessly!
Found 4 gold pieces.
Casting: Shock (safe; 6% risk of failure)
Confirm with . or Enter, or press ? or * to list all spells.
Aiming: Shock (safe; 6% risk of failure)
Press: ? - help, Shift-Dir - straight line, f - iguana
Aim: an iguana (72% to hit)
The zap hits the iguana.
The iguana is lightly wounded.
Casting: Shock (safe; 6% risk of failure)
Confirm with . or Enter, or press ? or * to list all spells.
Aiming: Shock (safe; 6% risk of failure)
Press: ? - help, Shift-Dir - straight line, f/p - iguana
Aim: an iguana (lightly wounded, 72% to hit)
The zap hits the iguana.
The iguana is moderately wounded.
Casting: Shock (safe; 6% risk of failure)
Confirm with . or Enter, or press ? or * to list all spells.
Aiming: Shock (safe; 6% risk of failure)
Press: ? - help, Shift-Dir - straight line, f/p - iguana
Aim: an iguana (moderately wounded, 72% to hit)
The zap hits the iguana.
The iguana is heavily wounded.
You hit the iguana but do no damage.
The iguana is poisoned.
Your grab misses the iguana.
You squeeze the iguana, but do no damage.
The iguana is heavily wounded.
The iguana bites you!
* * * LOW HITPOINT WARNING * * *
You hit the iguana but do no damage. You grab the iguana.
The iguana is heavily wounded.
You constrict the iguana, but do no damage.
The iguana bites you!
You die...

***,,,.############# **
*,,,,..###.#########
,***,*,,..#.....#######
,,*,,,,,.........######
,,,,*,_,#........######
,,,,,,,,..........#####
,,,***,,..........#####
,,,,**,,........†.###.#
,,,,**,,.......l@.##.##
*,,,,,,,............###
**,,,,,,............###
*,,,,,,...........####
**,,,,,,...........####
*,,,,,,,...........####
,,,,,,,,..........#####
,,,,,,,,,......$..#
,,,,,,,,,,,,,,,,,,*


You could see an iguana (poisoned).

Vanquished Creatures
  A bullfrog (D:4)
  A hound (D:4)
  2 iguanas (D:4)
  A howler monkey zombie (D:3)
  2 adders (D:2)
  3 worms
  A dart slug (D:2)
  7 orcs
  6 endoplasms
  2 giant cockroaches
  12 goblins
  11 hobgoblins
  3 quokkas
  5 ball pythons
  4 bats
  2 frilled lizards
  7 kobolds
  A quokka zombie (D:3)
  2 rats (D:3)
73 creatures vanquished.

Notes
Turn   | Place    | Note
-------+----------+-------------------------------------------
     0 | D:1      | edsrzf the Octopode Air Elementalist began the quest for
                  | the Orb.
     0 | D:1      | Reached XP level 1. HP: 11/11 MP: 3/3
   124 | D:1      | Reached XP level 2. HP: 6/18 MP: 1/5
   130 | D:1      | Reached skill level 1 in Fighting
   764 | D:1      | Reached XP level 3. HP: 24/24 MP: 6/6
   842 | D:1      | Reached skill level 2 in Fighting
  1260 | D:2      | Found a faded altar of an unknown god.
  1292 | D:2      | Reached skill level 3 in Fighting
  1313 | D:2      | Prayed at the altar of an unknown god.
  1313 | D:2      | Became a worshipper of Warmaster Okawaru
  1313 | D:2      | Reached * piety under Okawaru
  1402 | D:2      | Reached XP level 4. HP: 31/31 MP: 5/7
  2258 | D:3      | Found a transporter.
  2258 | D:3      | Noticed Squiddy's ghost (amateur TeAE)
  2318 | D:3      | Identified 3 potions of curing
  2521 | D:3      | Found a shadowy altar of Dithmenos.
  2745 | D:3      | Reached skill level 4 in Fighting
  2754 | D:3      | Reached XP level 5. HP: 31/37 MP: 1/8
  2757 | D:3      | Found a basalt altar of Yredelemnul.
  2871 | D:3      | Found a transporter.
  2948 | D:4      | Noticed an ogre
  2975 | D:4      | Noticed an ogre
  2979 | D:4      | Reached skill level 5 in Fighting
  3034 | D:4      | Reached XP level 6. HP: 28/45 MP: 6/9
  3041 | D:4      | Identified 3 scrolls of fog
  3042 | D:4      | Identified 2 scrolls of amnesia
  3043 | D:4      | Identified a scroll of enchant weapon
  3044 | D:4      | Identified a scroll of fear
  3045 | D:4      | Identified a scroll of blinking
  3046 | D:4      | Identified a scroll of teleportation
  3055 | D:4      | Identified a scroll of identify
  3055 | D:4      | Identified a potion of heal wounds
  3056 | D:4      | Identified a scroll of revelation
  3064 | D:4      | Mangled by an iguana

Illustrated notes

Levels and vault maps discovered:
D:1:      psy_arrival_dodecagon, layout_basic, minmay_misc_feat_diagonals,
          minmay_misc_feat_room, item_on_display_a
D:2:      kennysheep_the_goblin_king, layout_loops_cross,
          shapermc_ecumenical_altar_acropolis, amcnicky_mini_corridor_feature,
          chequers_serial_rivers_room_b
D:3:      layout_rooms, mainiacjoe_overflow_brackets,
          lemuel_zombie_altar_yredelemnul, gammafunk_ghost_mausoleum
D:4:      layout_layer_cave, mainiacjoe_overflow_tiny_flanked,
          mainiacjoe_overflow_alcove_1, grunt_temple_overflow_diamond,
          gup_sewer_entry_glass, reono_crystal_passage,
          grunt_decor_mini_mirrors, hex_large

Skill      XL: |  1  2  3  4  5 |
---------------+----------------+-----
Fighting       | 1 3 4 5 |  5.6
Dodging        | |  2.0
Stealth        | |  2.6
Spellcasting   | |  2.2
Conjurations   | |  1.4
Air Magic      | |  3.0

Action                     |  1- 3 |  4- 6 || total
---------------------------+-------+-------++-------
  Melee: Unarmed           |    78 |    49 ||   127
         Constrict         |    15 |    23 ||    38
         Tentacles         |    16 |    23 ||    39
         Dagger            |       |    40 ||    40
         Punch             |       |     1 ||     1
   Cast: Shock             |    26 |    42 ||    68
    Use: Potion            |       |     1 ||     1
         Scroll            |       |     8 ||     8
   Stab: Sleeping          |     3 |     1 ||     4
         Distracted        |       |     1 ||     1
 Armour: Skin              |    45 |    48 ||    93
  Dodge: Dodged            |    76 |    61 ||   137

Table legend: (Time is in decaauts)
 A = Elapsed time spent in this place.
 B = Non-inter-level travel time spent in this place.
 C = Inter-level travel time spent in this place.
 D = Time resting spent in this place.
 E = Time spent auto-exploring this place.
 F = Levels seen in this place.
 G = Mean time per level.
                   A        B        C        D        E       F      G
               +--------+--------+--------+--------+--------+-----+--------+
         Total |   3064 |   2921 |    143 |    538 |   1771 |   4 |  766.0 |
       Dungeon |   3064 |   2921 |    143 |    538 |   1771 |   4 |  766.0 |
               +--------+--------+--------+--------+--------+-----+--------+

Top non-repeatable levels by time:
     D:2: 1166 daAuts
     D:3: 929 daAuts
     D:1: 901 daAuts
     D:4: 67 daAuts
